 Dungeon Crawl Stone Soup version 0.22-a0-284-g99d1f7439c (webtiles) character file.

627 Infinimo the Ruffian (level 7, -2/52 HPs)
             Began as a Demonspawn Berserker on Mar 21, 2018.
             Was a Priest of Trog.
             Succumbed to a gnoll sergeant's poison
             ... on level 5 of the Dungeon.
             The game lasted 00:06:10 (3926 turns).

Infinimo the Ruffian (Demonspawn Berserker)         Turns: 3926, Time: 00:06:10

Health: -2/52      AC:  6    Str: 22 (24) XL:     7   Next: 23%
Magic:  7/7        EV: 10    Int:  8 (9)  God:    Trog [***...]
Gold:   183        SH:  0    Dex: 10 (12) Spells: 6/6 levels left

rFire    + . .     SeeInvis .     - Unarmed
rCold    . . .     Gourm    .   (no shield)
rNeg     . . .     Faith    .   g - +0 scale mail {rF+}
rPois    .         Spirit   .   (helmet restricted)
rElec    .         Reflect  .   (no cloak)
rCorr    .         Harm     .   (no gloves)
MR       .....                  (no boots)
Stlth    +.........             (no amulet)
HPRegen  0.17/turn              (no ring)
MPRegen  0.10/turn              (no ring)

@: mighty, lethally poisoned (-2 -> -42), berserk cooldown, very slightly
contaminated, slowed, invisible, very slow
A: antennae 1, claws 1, talons 1, nightstalker 1
a: Berserk, Trog's Hand, Renounce Religion


You were on level 5 of the Dungeon.
You worshipped Trog.
Trog was most pleased with you.
You were hungry.

You visited 1 branch of the dungeon, and saw 5 of its levels.

You collected 183 gold pieces.

Inventory:

Armour
 g - a +0 scale mail of fire resistance (worn)
Wands
 j - a wand of digging (14)
Scrolls
 c - 4 scrolls of remove curse
 d - a scroll of identify {unknown}
 f - a scroll of blinking {unknown}
 l - a scroll of fear {unknown}
Comestibles
 b - 8 rations


   Skills:
 - Level 3.0 Fighting
 - Level 1.7 Armour
 - Level 1.7 Dodging
 + Level 7.7 Unarmed Combat


You had 6 spell levels left.
You didn't know any spells.

Dungeon Overview and Level Annotations

Branches:
Dungeon (5/15)
 Temple: D:4-7

Altars:
Kikubaaqudgha
Makhleb
Uskayaw


Innate Abilities, Weirdness & Mutations

You have a pair of small antennae on your head.
You have sharp fingernails.
You have sharp toenails.
You are slightly more attuned to the shadows.


Message History

The sentinel's mark upon you fades away.
You feel very sick.
The gnoll hits you from afar with a spear.
The gnoll sergeant hits you from afar with a trident of venom.
You are more poisoned.
A shadow imp comes into view.
* * * LOW HITPOINT WARNING * * *
You feel very sick.
The shadow imp grinds its teeth.
It was a potion of invisibility.
You fade into invisibility!
* * * LOW HITPOINT WARNING * * *
You feel very sick. The shadow imp hits you.
* * * LOW HITPOINT WARNING * * *
You are very lightly contaminated with residual magic.
It was a potion of degeneration.
There was something very wrong with that liquid.
You feel weakened.
You feel dopey.
You feel clumsy.
You die...

#. #.#############
##...........(.#
#######
.......5######.#
#.)..<#
.......gg5@..#.#
#.#####
.......g####.#.# #.#
........# #.#.# #.#
........####.#.# #.#
........##...#.# #.#
........##.###.# #.#
........##.....# #.#
........######## #.#
........##########.#


You could see a gnoll sergeant, 2 gnolls and 2 shadow imps.

Vanquished Creatures
  An ogre (D:4)
  A scorpion (D:4)
  A crimson imp (D:2)
  A jelly (D:5)
  A bullfrog skeleton (D:4)
  2 hounds (D:4)
  An orc wizard (D:4)
  An iguana (D:4)
  Natasha (D:2)
  3 worker ants (D:4)
  Terence (D:2)
  3 gnolls
  5 adders
  An ooze (D:3)
  2 worms
  2 dart slugs
  3 leopard geckos
  7 orcs (D:4)
  2 ball pythons
  7 bats
  5 giant cockroaches
  5 goblins
  6 hobgoblins
  2 jackals (D:2)
  2 quokkas (D:3)
  5 frilled lizards
  5 kobolds
  10 rats
86 creatures vanquished.

Notes
Turn   | Place    | Note
-------+----------+-------------------------------------------
     0 | D:1      | Infinimo the Demonspawn Berserker began the quest for the Orb.
     0 | D:1      | Reached XP level 1. HP: 18/18 MP: 1/1
    43 | D:1      | Reached skill level 3 in Unarmed Combat
    43 | D:1      | Gained mutation: You are slightly more attuned to the shadows. [demonic ancestry]
    43 | D:1      | Reached XP level 2. HP: 23/24 MP: 2/2
   393 | D:1      | Gained mutation: You have sharp fingernails. [demonic ancestry]
   393 | D:1      | Reached XP level 3. HP: 26/29 MP: 3/3
   744 | D:1      | Reached ** piety under Trog
   751 | D:1      | Reached skill level 4 in Unarmed Combat
  1024 | D:2      | Reached XP level 4. HP: 17/35 MP: 4/4
  1358 | D:2      | Found a hide-covered altar of Uskayaw.
  1582 | D:2      | Reached skill level 5 in Unarmed Combat
  1945 | D:2      | Noticed Natasha
  1953 | D:2      | Killed Natasha
  1953 | D:2      | Gained mutation: You have sharp toenails. [demonic ancestry]
  1953 | D:2      | Reached XP level 5. HP: 41/41 MP: 5/5
  2089 | D:2      | Noticed Terence
  2103 | D:2      | Killed Terence
  2464 | D:3      | Found an ancient bone altar of Kikubaaqudgha.
  2465 | D:3      | Found a burning altar of Makhleb.
  2636 | D:3      | Reached *** piety under Trog
  3023 | D:4      | Reached skill level 6 in Unarmed Combat
  3025 | D:4      | Gained mutation: You have a pair of small antennae on your head. [demonic ancestry]
  3025 | D:4      | Reached XP level 6. HP: 47/47 MP: 6/6
  3573 | D:4      | Reached skill level 7 in Unarmed Combat
  3765 | D:4      | Reached XP level 7. HP: 39/52 MP: 7/7
  3849 | D:5      | Entered Level 5 of the Dungeon
  3922 | D:5      | HP: 2/52 [shadow imp/nerve-wracking pain (8)]
  3926 | D:5      | Succumbed to a gnoll sergeant's poison

Vault maps used:
D:1:      giann_horns, minmay_misc_feat_plants
D:2:      marbit_many_paths, first_ration, kennysheep_generic_room_9,
          uniq_natasha, uniq_terence
D:3:      gammafunk_temple_overflow_statue
D:4:      st_stairs_7

Skill      XL: |  1  2  3  4  5  6 |
---------------+-------------------+-----
Unarmed Combat | 3 4 5 6 7 |  7.7
Fighting       | |  3.0
Armour         | |  1.7
Dodging        | |  1.7

Action                   |  1- 3 |  4- 6 |  7- 9 || total
-------------------------+-------+-------+-------++-------
Melee: Unarmed           |    83 |   168 |     6 ||   257
       Punch             |       |     4 |       ||     4
       Kick              |       |    27 |     3 ||    30
Invok: Berserk           |     1 |     2 |     1 ||     4
  Use: Scroll            |       |     4 |       ||     4
       Potion            |       |       |     5 ||     5
 Stab: Sleeping          |     3 |     5 |       ||     8
  Eat: Chunk             |       |    12 |     1 ||    13
Armor: Animal skin       |    14 |     5 |       ||    19
       Scale mail        |       |    16 |     8 ||    24
Dodge: Dodged            |    56 |    73 |    17 ||   146

Table legend:
 A = Spawn XP
 B = Non-spawn XP
 C = Spawn XP percentage of total XP
 D = Spawn monster count
 E = Non-spawn monster count
 F = Spawn count percentage of total count
 G = Total turns spent on level
                    A         B        C        D         E        F      G
               +---------+---------+-------+---------+---------+-------+---------
         Total |       0 |     897 |   0.0 |       0 |      86 |   0.0 |  3926
               +---------+---------+-------+---------+---------+-------+---------
           D:1 |       0 |      53 |   0.0 |       0 |      23 |   0.0 |   965
           D:2 |       0 |     193 |   0.0 |       0 |      26 |   0.0 |  1381
           D:3 |       0 |      32 |   0.0 |       0 |      14 |   0.0 |   647
           D:4 |       0 |     546 |   0.0 |       0 |      20 |   0.0 |   856
           D:5 |       0 |      73 |   0.0 |       0 |       3 |   0.0 |    77
               +---------+---------+-------+---------+---------+-------+---------
